 Dungeon Crawl Stone Soup version 0.20-a0-1124-g2e29d97 (webtiles) character file.

42 Manul the Bolt Thrower (level 3, -1/32 HPs)
             Began as a Naga Hunter on May 16, 2017.
             Slain by a hobgoblin (2 damage)
             ... on level 1 of the Dungeon.
             The game lasted 00:01:32 (1061 turns).

Manul the Bolt Thrower (Naga Hunter)                Turns: 1061, Time: 00:01:33

Health: -1/32      AC:  2    Str: 14    XL:     3   Next: 54%
Magic:  3/3        EV:  9    Int: 11    God:
Gold:   73         SH:  0    Dex: 12    Spells: 2/2 levels left

rFire    . . .     SeeInvis +   b - +0 short sword
rCold    . . .     Gourm    .   (no shield)
rNeg     . . .     Faith    .   c - +0 leather armour
rPois    +         Spirit   .   (no helmet)
rElec    .         Reflect  .   (no cloak)
rCorr    .         Harm     .   (no gloves)
MR       .....                  (no barding)
Stlth    ++........             (no amulet)
Regen    0.1/turn               (no ring)
MPRegen  0.1/turn               (no ring)

@: very slow
A: see invisible, deformed body, poison resistance, slowness 2, slow metabolism
1, spit poison 1, AC +1
a: Spit Poison


You were on level 1 of the Dungeon.
You were not hungry.

You visited 1 branch of the dungeon, and saw 2 of its levels.

You collected 73 gold pieces.

Inventory:

Hand Weapons
 a - a +1 hand crossbow
 b - a +0 short sword (weapon)
 k - a +0 dagger
Missiles
 d - 15 bolts
Armour
 c - a +0 leather armour (worn)
Jewellery
 n - an uncursed amulet of magic regeneration {unknown}
Scrolls
 e - 3 scrolls of identify {unknown}
 g - 3 scrolls of recharging {unknown}
 h - a scroll of teleportation {unknown}
 m - a scroll of immolation {unknown}
Potions
 l - 2 potions of mutation {unknown}
Comestibles
 f - a bread ration
 i - 4 fruits
 j - a royal jelly
 o - 8 chunks of flesh


   Skills:
 + Level 2.0 Fighting
 + Level 0.2 Short Blades
 + Level 4.4 Crossbows
 + Level 0.5 Armour
 + Level 1.5 Dodging
 * Level 1.7 Stealth


You had 2 spell levels left.
You didn't know any spells.

Dungeon Overview and Level Annotations

Branches:
Dungeon (2/15)

Altars:


Innate Abilities, Weirdness & Mutations

You cannot wear boots.
Your serpentine skin is tough. (AC +1)
You have supernaturally acute eyesight. (SInv)
Armour fits poorly on your strangely shaped body.
Your system is resistant to poisons. (rPois)
You cover ground very slowly.
You have a slow metabolism.
You can spit poison.


Message History

The hobgoblin is moderately wounded.
The hobgoblin hits you. The adder bites you.
You hit the hobgoblin but do no damage.
The hobgoblin is moderately wounded.
The hobgoblin closely misses you. The adder bites you but does no damage.
The hobgoblin hits you.
You barely miss the adder.
The adder bites you. x2; The hobgoblin hits you.
You barely miss the adder.
You kill the hobgoblin!
The adder bites you. The hobgoblin closely misses you.
You closely miss the adder. The adder misses you. The adder bites you.
* * * LOW HITPOINT WARNING * * *
The hobgoblin hits you.
* * * LOW HITPOINT WARNING * * *
You miss the adder.
You have got your breath back.
The adder bites you.
* * * LOW HITPOINT WARNING * * *
The hobgoblin hits you.
You die...

.....# #...#.# #.#.#
#.# .....# #...#.#
#.#.# #.# .....#
#...#.# #.#.#####.##
.....#
#...#.###.#.##.....#
.....#
#.#...)...#.##.#####
######
#.#.#.#####.##.#
#.#.#.......##.#
#.#.##########)#
#.#.....g@S)##.#
#.#########.##.#
#.#...# #.##.#
#.#.#.# #....#
########.#.#.#
######
.........#.#.#
#######....#.# #
#...#.#.# #
####..##.#.###


You could see an adder and a hobgoblin.

Vanquished Creatures
  A dart slug (D:1)
  2 leopard geckos (D:1)
  3 giant cockroaches (D:1)
  6 hobgoblins (D:1)
  2 bats (D:1)
  7 frilled lizards (D:1)
  7 goblins (D:1)
  5 kobolds
  A rat (D:1)
34 creatures vanquished.

Notes
Turn   | Place    | Note
-------+----------+-------------------------------------------
     0 | D:1      | Manul the Naga Hunter began the quest for the Orb.
     0 | D:1      | Reached XP level 1. HP: 19/19 MP: 1/1
    94 | D:1      | Reached skill level 4 in Crossbows
    94 | D:1      | Reached XP level 2. HP: 25/26 MP: 2/2
   460 | D:1      | Reached XP level 3. HP: 29/32 MP: 3/3
  1061 | D:1      | HP: 1/32 [adder (1)]
  1061 | D:1      | Slain by a hobgoblin

Vault maps used:
D:1:      lemuel_arrival_behind_the_door_small, due_unseen_surprise
D:2:      first_bread

Skill      XL: |  1 |
---------------+----+-----
Crossbows      | 4 |  4.4
Fighting       | |  2.0
Short Blades   | |  0.2
Armour         | |  0.5
Dodging        | |  1.5
Stealth        | |  1.7

Action                   || total
-------------------------++-------
Melee: Short sword       ||    24
 Fire: Hand crossbow     ||    63
 Abil: Spit Poison       ||     2
 Stab: Sleeping          ||     1
Armor: Leather armour    ||     7
Dodge: Dodged            ||    24
